 Dungeon Crawl Stone Soup version 0.29-a0-575-g0dc89cf053 (webtiles) character file.

Game seed: 15338330626836174767

98 DocClef the Covert (level 4, 0/37 (41) HPs)
             Began as a Gnoll Delver on June 12, 2022.
             Slain by a necrophage (7 damage)
             ... on level 4 of the Dungeon.
             The game lasted 00:00:22 (213 turns).

DocClef the Covert (Gnoll Delver)                    Turns: 213, Time: 00:00:22

HP:   0/37 (41)     AC:  3    Str: 11    XL:     4   Next: 71%
MP:   5/5           EV: 13    Int:  9    God:
Gold: 41            SH:  0    Dex: 16    Spells: 5/5 levels left

rFire   . . .      SeeInvis .   a - +0 short sword
rCold   . . .      Faith    .   (no shield)
rNeg    . . .      Spirit   .   b - +0 leather armour
rPois   .          Reflect  .   (no helmet)
rElec   .          Harm     .   (no cloak)
rCorr   .          Rampage  .   (no gloves)
Will    .....                   (no boots)
Stlth   ++++......              (no amulet)
HPRegen 0.12/turn               (no ring)
MPRegen 0.09/turn               (no ring)

@: drained
A: fangs 1, strong nose, distributed training
a: no special abilities


You were on level 4 of the Dungeon.
You visited 1 branch of the dungeon, and saw 2 of its levels.

You collected 41 gold pieces.

Inventory:

Hand Weapons
 a - a +0 short sword (weapon)
Armour
 b - a +0 leather armour (worn)
Wands
 g - a wand of digging (3)
Scrolls
 c - a scroll of fog
 d - a scroll of magic mapping
 e - a scroll of fear
Potions
 f - a potion of haste
 h - 2 potions of curing {unknown}
 i - a potion of degeneration {unknown}


   Skills:
 + Level 6.6 Fighting
 + Level 4.7 Short Blades
 + Level 1.2 Long Blades
 + Level 1.2 Axes
 + Level 1.2 Maces & Flails
 + Level 1.2 Polearms
 + Level 1.2 Staves
 + Level 1.2 Slings
 + Level 1.2 Bows
 + Level 1.2 Crossbows
 + Level 1.2 Throwing
 + Level 1.2 Armour
 + Level 4.7 Dodging
 + Level 9.6 Stealth
 + Level 1.2 Shields
 + Level 1.2 Unarmed Combat
 + Level 1.2 Spellcasting
 + Level 1.0 Conjurations
 + Level 1.0 Hexes
 + Level 1.0 Summonings
 + Level 1.0 Necromancy
 + Level 1.0 Translocations
 + Level 1.0 Transmutations
 + Level 1.0 Fire Magic
 + Level 1.0 Ice Magic
 + Level 1.0 Air Magic
 + Level 1.0 Earth Magic
 + Level 1.0 Poison Magic
 + Level 1.3 Invocations
 + Level 1.2 Evocations


You had 5 spell levels left.
You didn't know any spells.
Your spell library was empty.

Dungeon Overview and Level Annotations

Branches:
Dungeon (5/15)
 Temple: D:4-7

Altars:


Innate Abilities, Weirdness & Mutations

You have very sharp teeth.
Your uncanny sense of smell can sniff out nearby items.
Your experience applies equally to all skills.


Message History

The necrophage misses you.
You barely miss the necrophage.
The necrophage is moderately damaged.
The necrophage hits you.
You feel drained.
You barely miss the necrophage.
The necrophage is moderately damaged.
You hit the necrophage. You bite the necrophage.
The necrophage is moderately damaged.
The necrophage hits you.
You feel drained.
You hit the necrophage.
The necrophage is heavily damaged.
The necrophage barely misses you.
You barely miss the necrophage.
The necrophage is heavily damaged.
The necrophage hits you but does no damage.
You hit the necrophage but do no damage.
You punch the necrophage. Your bite misses the necrophage.
The necrophage is severely damaged.
The necrophage barely misses you.
You hit the necrophage but do no damage.
The necrophage is severely damaged.
The necrophage hits you.
You barely miss the necrophage.
The necrophage is severely damaged.
The necrophage hits you.
* * * LOW HITPOINT WARNING * * *
You feel drained.
* * * LOW HITPOINT WARNING * * *
You hit the necrophage.
The necrophage is severely damaged.
You closely miss the necrophage. Your bite misses the necrophage.
The necrophage is severely damaged.
The necrophage hits you but does no damage.
You barely miss the necrophage.
The necrophage is severely damaged.
The necrophage barely misses you.
You hit the necrophage.
The necrophage is almost destroyed.
The necrophage hits you!
You die...

#.#..#.# ∆
#....#.######
#...........
#........##########
#....#..o..........
#>#.....##
#....#...##o#
#........##n#
#........##@#
#.####..###.# #.
$... ..# #
#########


You could see a necrophage and an orc.

Vanquished Creatures
  An ogre (D:5)
  An adder (D:4)
  An ufetubus (D:5)
  A giant cockroach (D:4)
4 creatures vanquished.

Notes
Turn   | Place    | Note
-------+----------+-------------------------------------------
     0 | D:5      | Reached skill level 9 in Stealth
     0 | D:5      | DocClef the Gnoll Delver began the quest for the Orb.
     0 | D:5      | Reached XP level 1. HP: 23/23 MP: 1/1
    57 | D:5      | Noticed an ogre
    62 | D:5      | Killed an ogre
    63 | D:5      | Reached skill level 1 in Long Blades
    63 | D:5      | Reached skill level 1 in Axes
    63 | D:5      | Reached skill level 1 in Maces & Flails
    63 | D:5      | Reached skill level 1 in Polearms
    63 | D:5      | Reached skill level 1 in Staves
    63 | D:5      | Reached skill level 1 in Slings
    63 | D:5      | Reached skill level 1 in Bows
    63 | D:5      | Reached skill level 1 in Crossbows
    63 | D:5      | Reached skill level 1 in Throwing
    63 | D:5      | Reached skill level 1 in Armour
    63 | D:5      | Reached skill level 1 in Shields
    63 | D:5      | Reached skill level 1 in Unarmed Combat
    63 | D:5      | Reached skill level 1 in Spellcasting
    63 | D:5      | Reached skill level 1 in Invocations
    63 | D:5      | Reached skill level 1 in Evocations
    63 | D:5      | Reached XP level 2. HP: 29/29 MP: 1/3
    63 | D:5      | Reached XP level 3. HP: 35/35 MP: 1/4
    63 | D:5      | Reached XP level 4. HP: 41/41 MP: 1/5
    70 | D:5      | Reached skill level 1 in Conjurations
    70 | D:5      | Reached skill level 1 in Hexes
    70 | D:5      | Reached skill level 1 in Summonings
    70 | D:5      | Reached skill level 1 in Necromancy
    70 | D:5      | Reached skill level 1 in Translocations
    70 | D:5      | Reached skill level 1 in Transmutations
    70 | D:5      | Reached skill level 1 in Fire Magic
    70 | D:5      | Reached skill level 1 in Ice Magic
    70 | D:5      | Reached skill level 1 in Air Magic
    70 | D:5      | Reached skill level 1 in Earth Magic
    70 | D:5      | Reached skill level 1 in Poison Magic
   173 | D:5      | Noticed a water moccasin
   186 | D:4      | Noticed a necrophage
   213 | D:4      | Slain by a necrophage

Illustrated notes

Levels and vault maps discovered:
D:4:      layout_basic, st_stairs_14, uniq_robin
D:5:      layout_gridville, serial_glass, glass_columns_c, glass_columns_a,
          glass_columns_a, glass_columns_c, gammafunk_ghost_necromancy,
          st_stairs_6

Skill      XL: |  1  2  3  4 |
---------------+-------------+-----
Stealth        | |  9.6
Long Blades    | 1 |  1.2
Axes           | 1 |  1.2
Maces & Flails | 1 |  1.2
Polearms       | 1 |  1.2
Staves         | 1 |  1.2
Slings         | 1 |  1.2
Bows           | 1 |  1.2
Crossbows      | 1 |  1.2
Throwing       | 1 |  1.2
Armour         | 1 |  1.2
Shields        | 1 |  1.2
Unarmed Combat | 1 |  1.2
Spellcasting   | 1 |  1.2
Invocations    | 1 |  1.3
Evocations     | 1 |  1.2
Conjurations   | 1 |  1.0
Hexes          | 1 |  1.0
Summonings     | 1 |  1.0
Necromancy     | 1 |  1.0
Translocations | 1 |  1.0
Transmutations | 1 |  1.0
Fire Magic     | 1 |  1.0
Ice Magic      | 1 |  1.0
Air Magic      | 1 |  1.0
Earth Magic    | 1 |  1.0
Poison Magic   | 1 |  1.0
Fighting       | |  6.6
Short Blades   | |  4.7
Dodging        | |  4.7

Action                   |  1- 3 |  4- 6 || total
-------------------------+-------+-------++-------
Melee: Short sword       |     1 |    24 ||    25
       Bite              |       |     2 ||     2
       Punch             |       |     1 ||     1
 Stab: Sleeping          |     1 |     2 ||     3
Armor: Leather armour    |       |     2 ||     2
Dodge: Dodged            |       |    14 ||    14

Table legend: (Time is in decaauts)
 A = Elapsed time spent in this place.
 B = Non-inter-level travel time spent in this place.
 C = Inter-level travel time spent in this place.
 D = Time resting spent in this place.
 E = Time spent auto-exploring this place.
 F = Levels seen in this place.
 G = Mean time per level.
                   A        B        C        D        E       F      G
               +--------+--------+--------+--------+--------+-----+--------+
         Total |    209 |    199 |     10 |      0 |    150 |   2 |  104.5 |
       Dungeon |    209 |    199 |     10 |      0 |    150 |   2 |  104.5 |
               +--------+--------+--------+--------+--------+-----+--------+

Top non-repeatable levels by time:
     D:5: 185 daAuts
     D:4: 24 daAuts
